 Dungeon Crawl Stone Soup version 0.31-a0-237-g2d982f9f85 (webtiles) character file.

Game seed: 15418539081117112709

88 qw the Shooter (level 4, -9/36 HPs)
             Began as a Minotaur Hexslinger on July 10, 2023.
             Mangled by Terence
             ... wielding a +0 trident
              (11 damage)
             ... on level 2 of the Dungeon.
             The game lasted 00:00:37 (1571 turns).

qw the Shooter (Minotaur Hexslinger)                Turns: 1571, Time: 00:00:38

Health: -9/36      AC:  2    Str: 12    XL:     4   Next: 30%
Magic:  4/4        EV: 12    Int: 10    God:
Gold:   78         SH:  5    Dex: 15    Spells: 4/5 levels left

rFire   . . .        Y - +3 sling
rCold   + . .        (no shield)
rNeg    . . .        c - +0 robe
rPois   .            (helmet restricted)
rElec   .            (no cloak)
rCorr   .            (no gloves)
SInv    .            (no boots)
Will    .....        g - amulet of reflection
Stlth   +            i - ring of protection from cold
HPRegen 0.26/turn    (no ring)
MPRegen 0.09/turn

%: reflection
@: no status effects
A: horns 2, retaliatory headbutt
a: no special abilities


You were on level 2 of the Dungeon.
You visited 1 branch of the dungeon, and saw 2 of its levels.

You collected 78 gold pieces.


Innate Abilities, Weirdness & Mutations

You have a pair of horns on your head.
You reflexively headbutt those who attack you in melee.


   Skills:
 - Level 2.0 Fighting
 + Level 4.8 Ranged Weapons
 - Level 2.1 Dodging
 - Level 1.0 Spellcasting
 - Level 2.0 Hexes


You had 4 spell levels left.
You knew the following spells:

 Your Spells              Type           Power      Damage    Failure   Level
a - Slow                  Hex            16%        N/A       16%         1

Your spell library contained the following spells:

 Spells                   Type           Power      Damage    Failure   Level
 Inner Flame              Hex/Fire       2%         N/A       56%         3
 Portal Projectile        Hex/Tloc       4%         N/A       56%         3
 Cause Fear               Hex            2%         N/A       83%         4

Inventory:

Hand Weapons
 Y - a +3 sling (weapon)
Armour
 c - a +0 robe (worn)
Jewellery
 g - an amulet of reflection (around neck)
 i - a ring of protection from cold (left hand)
 j - a +6 ring of dexterity
Scrolls
 h - a scroll of identify
Potions
 a - a potion of mutation {unknown}
 b - a potion of enlightenment {unknown}
 d - a potion of curing {unknown}
 e - a potion of heal wounds {unknown}
 f - a potion of lignification {unknown}

Dungeon Overview and Level Annotations

Branches:
Dungeon (2/15)

Altars:
Uskayaw

Annotations:
D:1 1 runed translucent door
D:2 Terence


Message History

Enter note:
Enter note:
Enter note:
Enter note: You shoot a sling bullet.
The sling bullet hits Terence but does no damage.
Terence shouts!
You hear a shout! x2
You shoot a sling bullet.
The sling bullet hits Terence but does no damage.
Terence drinks a potion.
Terence seems to speed up.
A giant cockroach comes into view.
You shoot a sling bullet.
The sling bullet hits Terence but does no damage.
Terence barely misses you.
A kobold comes into view. It is wielding a +0 whip of pain.
A goblin comes into view. It is wielding a +0 dagger.
You shoot a sling bullet.
The sling bullet closely misses Terence.
The sling bullet hits the giant cockroach!
You kill the giant cockroach!
Terence hits you from afar with a +0 trident!
Terence hits you from afar with a +0 trident.
You shoot a sling bullet. The sling bullet hits Terence.
Terence is moderately wounded.
Terence hits you from afar with a +0 trident.
Terence misses you.
You shoot a sling bullet. The sling bullet hits the goblin!
You kill the goblin!
Terence hits you from afar with a +0 trident.
Terence barely misses you.
You shoot a sling bullet. The sling bullet hits Terence.
Terence is moderately wounded.
Terence hits you from afar with a +0 trident!
You shoot a sling bullet.
The sling bullet hits Terence but does no damage.
Terence is moderately wounded.
Terence hits you from afar with a +0 trident.
Terence hits you from afar with a +0 trident!
You die...

## # ### .# #####. K%.
.# ......###@# .#
#.#.#.)>..# .# #.#.#
#@# .# # ##.#.# #.#
.#####.##....###.#####
.....................#
.#####.##...########.#
.# .#####.###.## ##.##
.# .......# #.#
##...## .# .#######
#.# #####.....####.#
.# #.#
#..............#


You could see Terence (fast) and a kobold.

Vanquished Creatures
  4 adders (D:2)
  2 worms (D:2)
  3 dart slugs
  3 endoplasms (D:1)
  4 giant cockroaches
  3 hobgoblins (D:1)
  3 kobolds
  2 quokkas (D:2)
  2 ball pythons
  4 bats
  5 frilled lizards
  3 goblins
  5 rats
43 creatures vanquished.

Notes
Turn   | Place    | Note
-------+----------+-------------------------------------------
     0 | D:1      | qw the Minotaur Hexslinger began the quest for the Orb.
     0 | D:1      | Reached XP level 1. HP: 16/16 MP: 1/1
     0 | D:1      | 0 ||| qw: Version: 0.3-a-52-g30416fa
     0 | D:1      | 0 ||| qw: Game counter: 5145
     0 | D:1      | 0 ||| qw: Melee chars always use a shield: true
     0 | D:1      | 0 ||| qw: God list: Okawaru
     0 | D:1      | 0 ||| qw: Allow faded altars: false
     0 | D:1      | 0 ||| qw: Do Orc after clearing Dungeon:15 true
     0 | D:1      | 0 ||| qw: Do second Lair branch before Depths: true
     0 | D:1      | 0 ||| qw: Lair rune preference: random
     0 | D:1      | 0 ||| qw: Goals: Normal
     0 | D:1      | 0 ||| PLANNING D:1-11
     1 | D:1      | Found a runed translucent door.
   128 | D:1      | Found a faded altar of an unknown god.
   169 | D:1      | 169 ||| FLEEEEING.
   181 | D:1      | Reached skill level 3 in Ranged Weapons
   183 | D:1      | Reached XP level 2. HP: 23/23 MP: 2/2
   861 | D:1      | 861 ||| UPGRADING to ring of protection from cold.
   862 | D:1      | 862 ||| READING scroll labelled RIWERGH UKETENT.
   863 | D:1      | 863 ||| READING 2 scrolls labelled RYSIP ABUUZASO.
   864 | D:1      | 864 ||| READING scroll of enchant weapon.
   864 | D:1      | 864 ||| ENCHANTING +2 sling.
   865 | D:1      | 865 ||| READING scroll labelled BIL ZIKIECK.
   866 | D:1      | 866 ||| READING scroll labelled BAEXZIE NEUMEO.
   867 | D:1      | 867 ||| DROPPING scroll of poison.
   876 | D:2      | Reached XP level 3. HP: 29/29 MP: 3/3
   943 | D:2      | Reached skill level 4 in Ranged Weapons
  1063 | D:2      | 1063 ||| FLEEEEING.
  1064 | D:2      | 1064 ||| FLEEEEING.
  1154 | D:2      | Reached XP level 4. HP: 36/36 MP: 4/4
  1176 | D:2      | 1176 ||| FLEEEEING.
  1177 | D:2      | 1177 ||| FLEEEEING.
  1181 | D:2      | 1181 ||| FLEEEEING.
  1182 | D:2      | 1182 ||| FLEEEEING.
  1183 | D:2      | 1183 ||| FLEEEEING.
  1184 | D:2      | 1184 ||| FLEEEEING.
  1191 | D:2      | 1191 ||| STAIRDANCE
  1271 | D:1      | 1271 ||| UPGRADING to amulet of reflection.
  1276 | D:1      | 1276 ||| READING scroll labelled PUUSHAOQEM.
  1423 | D:2      | Found a hide-covered altar of Uskayaw.
  1563 | D:2      | Noticed Terence
  1570 | D:2      | HP: 6/36 [Terence/+0 trident (11)]
  1571 | D:2      | HP: 2/36 [Terence/+0 trident (5)]
  1571 | D:2      | Mangled by Terence

Levels and vault maps discovered:
D:1:      dpeg_arrival_caged_fury, layout_basic,
          dreamdust_ecumenical_altar_statues, skrybe_limestone_x,
          minmay_misc_feat_room, minmay_misc_feat_encased
D:2:      layout_loops_ring, basic_altar, uniq_terence

Skill      XL: |  1  2  3 |
---------------+----------+-----
Ranged Weapons | 3 4 |  4.8
Fighting       | 2 |  2.0
Dodging        | |  2.1
Spellcasting   | |  1.0
Hexes          | |  2.0

Action                     |  1- 3 |  4- 6 || total
---------------------------+-------+-------++-------
   Fire: Sling             |   102 |    30 ||   132
    Use: Scroll            |     5 |     1 ||     6
 Armour: Robe              |    11 |     1 ||    12
  Dodge: Dodged            |    25 |     5 ||    30

Table legend:
 A = Non-vault XP
 B = Vault XP
 C = Vault XP percentage of total XP
 D = Non-vault monster count
 E = Vault monster count
 F = Vault count percentage of total count
                 A         B        C        D         E       F
            +---------+---------+-------+---------+---------+-------
      Total |     127 |       0 |   0.0 |      43 |       0 |   0.0
            +---------+---------+-------+---------+---------+-------
        D:1 |      39 |       0 |   0.0 |      23 |       0 |   0.0
        D:2 |      88 |       0 |   0.0 |      20 |       0 |   0.0
            +---------+---------+-------+---------+---------+-------
